Map: [ESL] Data-C

Players

maru - Winner!

  • Race: Terran Terran
  • League: Diamond
  • Spawn Location: 9:00

Lambo

  • Race: Zerg Zerg
  • League: Grandmaster
  • Spawn Location: 3:00

Event: TSL 9

VOD

Have the link to the VOD?

Description

Time

  • Played on: Sept. 3, 2022, 10:32 a.m.
  • Length: 14:43

All games in this series

Show
View Real Time Build Order
Export as new Build Order

maru Terran - Winner!

Build Orders: Reaper Expand 

Get SALT Encoding   

  12  0:00  SCV  
  13  0:12  SCV  
  14  0:17  Supply Depot  
  14  0:24  SCV  
  15  0:38  SCV  
  15  0:40  Barracks  
  16  0:43  Refinery  
  16  0:50  SCV  
  17  1:03  SCV  
  18  1:15  SCV  
  19  1:27  Reaper, Orbital Command  
  20  1:39  Command Center  
  20  1:49  Supply Depot  
  20  1:52  SCV  
  21  1:58  Marine  
  22  2:04  SCV  
  23  2:14  Factory  
  23  2:16  SCV  
  23  2:20  Barracks Reactor  
  24  2:29  SCV  
  25  2:41  SCV  
  25  2:42  Command Center  
  26  2:51  Orbital Command  
  26  2:54  SCV  
  27  2:58  Starport  
  27  3:03  Refinery  
  27  3:06  SCV  
  27  3:12  Hellion  
  30  3:15  Hellion  
  30  3:17  SCV  
  30  3:18  SCV  
  30  3:19  Barracks Tech Lab  
  34  3:29  SCV  
  34  3:30  SCV  
  34  3:33  Hellion  
  38  3:36  Hellion  
  40  3:41  SCV  
  40  3:42  SCV  
  40  3:46  Marine  
  43  3:53  SCV  
  43  3:54  SCV  
  43  3:55  Raven, Orbital Command  
  47  4:00  Hellion x2  
  51  4:05  SCV  
  51  4:06  SCV  
  51  4:08  Barracks Tech Lab  
  53  4:10  Supply Depot  
  53  4:17  SCV  
  53  4:18  SCV  
  53  4:22  Orbital Command  
  55  4:27  Stimpack  
  55  4:29  SCV  
  55  4:30  Barracks, SCV  
  57  4:33  Barracks, Factory Reactor  
  57  4:36  Refinery, Marine  
  57  4:37  Supply Depot  
  58  4:42  SCV x2  
  58  4:43  Engineering Bay x2  
  60  4:46  Starport Reactor  
  60  4:48  SCV  
  61  4:54  SCV, Marine  
  61  4:55  SCV  
  64  5:00  SCV  
  64  5:01  Barracks x2  
  64  5:06  Supply Depot, SCV  
  66  5:09  SCV  
  66  5:12  SCV, Marine  
  66  5:13  Terran Infantry Armor Level 1, Terran Infantry Weapons Level 1  
  69  5:22  Marine x2  
  69  5:25  Supply Depot, SCV x2  
  69  5:26  SCV  
  74  5:30  Marine  
  74  5:31  Refinery  
  74  5:32  Medivac, Marine x2  
  74  5:34  Medivac  
  81  5:37  SCV x2  
  81  5:40  Supply Depot  
  81  5:41  Supply Depot  
  83  5:45  Marine x2  
  83  5:47  Marine  
  86  5:51  Barracks Reactor  
  86  5:53  SCV x2  
  86  5:56  Supply Depot, Factory Reactor  
  88  6:00  Marine x2  
  88  6:02  SCV, Marine  
  88  6:04  Supply Depot  
  92  6:05  SCV  
  92  6:07  Supply Depot  
  92  6:11  Medivac x2, Marine x3  
  97  6:17  Combat Shield  
  100  6:20  SCV x3  
  103  6:25  Armory  
  103  6:28  Marine  
  103  6:29  Supply Depot  
  103  6:31  Supply Depot  
  103  6:32  SCV  
  105  6:33  Marine x5  
  105  6:34  Widow Mine  
  112  6:42  SCV x2  
  112  6:44  SCV, Marine x2  
  112  6:45  Medivac  
  112  6:46  Marine  
  120  6:51  Marine x2  
  120  6:52  Concussive Shells, Widow Mine  
  124  6:57  Barracks  
  124  6:58  Barracks  
  124  6:59  Barracks  
  124  7:00  Medivac  
  128  7:01  Widow Mine  
  128  7:05  Marine x3  
  128  7:06  Marauder x2  
  135  7:12  SCV  
  136  7:18  SCV x2, Terran Infantry Weapons Level 2  
  136  7:21  Supply Depot, Refinery  
  136  7:22  Marine x3  
  141  7:24  SCV  
  141  7:28  Marauder x2  
  146  7:30  Supply Depot, SCV x2  
  148  7:37  Marine  
  148  7:38  Supply Depot  
  148  7:43  Widow Mine x2  
  153  7:44  Marine  
  153  7:45  Marine x2  
  153  7:48  SCV  
  153  7:49  SCV  
  153  7:50  Marauder x2  
  151  7:53  SCV  
  151  7:55  Barracks Reactor, Barracks Tech Lab x2  
  147  8:01  Command Center  
  151  8:05  Widow Mine  
  151  8:06  Widow Mine  
  151  8:08  Marine x6  
  151  8:09  Terran Infantry Armor Level 2  
  151  8:11  Marauder x2  
  161  8:15  Supply Depot  
  161  8:23  Marine x2  
  161  8:24  Medivac x2  
  161  8:26  Marine x2  
  169  8:33  Marauder x2  
  173  8:36  Marine  
  173  8:37  Marine  
  173  8:38  SCV x2  
  173  8:40  Widow Mine  
  176  8:41  SCV, Marauder x2  
  176  8:43  Marine  
  176  8:47  Marine x2  
  170  8:50  Marine x2  
  170  8:54  Medivac, Marauder x2  
  178  8:57  Supply Depot  
  180  9:02  Marauder  
  180  9:07  Marauder  
  158  9:12  Marine x6  
  158  9:13  Medivac, Widow Mine x2  
  158  9:15  Marauder x2  
  164  9:20  SCV  
  164  9:21  SCV x2  
  164  9:24  Medivac, Marauder  
  169  9:26  Planetary Fortress  
  169  9:28  Marauder  
  169  9:30  Marine x4  
  176  9:35  Refinery x2  
  176  9:37  Marauder x2  
  180  9:42  Marine x2  
  180  9:43  Marine x2  
  180  9:45  Marauder  
  186  9:48  Terran Infantry Weapons Level 3  
  176  9:54  Marauder, Marine x4  
  176  9:56  SCV  
  176  9:58  Marauder, Marine  
  182  10:00  Marine x2  
  182  10:01  Command Center  
  181  10:11  Terran Vehicle And Ship Armor Level 1  
  181  10:12  Marine  
  181  10:13  Marauder, Marine x5  
  189  10:15  Marine  
  189  10:16  Marauder  
  189  10:18  Marine  
  156  10:37  Marauder x2, Marine x5  
  156  10:38  Marauder, Marine x2  
  156  10:41  Ghost Academy  
  167  10:42  Medivac x2, Widow Mine  
  167  10:44  Command Center  
  167  10:49  Marauder, Marine  
  172  10:50  Terran Infantry Armor Level 3  
  172  10:55  Widow Mine, Marine x2  
  176  10:59  Marauder  
  178  11:04  Widow Mine  
  178  11:10  Marauder, Marine  
  178  11:11  Marauder x2, Marine x4  
  174  11:12  Medivac x2  
  174  11:26  Marauder, Marine x3  
  174  11:28  Marine x2  
  180  11:35  Widow Mine x2  
  184  11:42  Medivac x2, Ghost x2  
  192  11:50  Ghost  
  185  11:57  Ghost  
  178  12:09  Planetary Fortress  
  178  12:11  Refinery x2, Ghost  
  178  12:12  Refinery, Medivac x2, Marauder, Marine x2  
  188  12:17  Marine x2  
  188  12:19  Marauder  
  188  12:21  Marine x3  
  195  12:23  SCV x2  
  195  12:24  Orbital Command  
  195  12:25  Command Center  
  195  12:26  Marauder  
  195  12:27  Widow Mine  
  197  12:33  Marauder  
  196  12:38  Widow Mine  
  196  12:39  Ghost  
  196  12:41  Personal Cloaking  
  198  12:55  Ghost x2  
  198  12:56  Marine  
  199  13:00  Command Center  
  181  13:14  Ghost  
  181  13:15  Ghost  
  181  13:18  Widow Mine x2  
  182  13:27  Command Center, Ghost x2  
  184  13:36  Marine x3  
  185  13:43  Ghost x2  
  185  13:50  Widow Mine  
  181  13:56  Ghost x2  
  181  13:58  Orbital Command  
  176  14:09  Widow Mine  
  163  14:11  Widow Mine, Ghost  
  163  14:12  Ghost  
  163  14:13  Marine x8  
  163  14:15  Orbital Command  
Show
View Real Time Build Order
Export as new Build Order

Lambo Zerg 

Build Orders: Hatch First, Lurkers 

Get SALT Encoding   

  12  0:00  Drone  
  13  0:12  Overlord  
  13  0:16  Drone  
  14  0:30  Drone x2  
  16  0:47  Hatchery  
  15  0:51  Drone  
  15  0:55  Drone  
  17  0:58  Drone  
  18  1:09  Extractor  
  17  1:13  Spawning Pool  
  17  1:16  Drone  
  17  1:20  Drone  
  18  1:28  Drone  
  19  1:39  Drone  
  20  1:48  Drone  
  21  1:59  Queen  
  21  2:00  Zergling x4, Queen  
  27  2:10  Drone  
  27  2:11  Overlord  
  28  2:21  Hatchery  
  27  2:26  Drone  
  28  2:31  Drone  
  28  2:32  Drone x2  
  28  2:37  Extractor  
  30  2:43  Queen  
  33  2:47  Overlord  
  33  2:50  Metabolic Boost  
  33  2:52  Drone  
  33  2:56  Drone  
  33  2:57  Drone  
  36  3:05  Queen  
  36  3:12  Drone x4  
  42  3:15  Drone  
  42  3:16  Drone  
  44  3:22  Overlord  
  44  3:25  Overlord  
  44  3:32  Queen  
  46  3:35  Queen  
  46  3:41  Drone  
  49  3:44  Drone x4  
  49  3:45  Drone  
  49  3:47  Zergling x2  
  55  3:50  Overlord  
  55  3:53  Drone x2  
  57  3:57  Drone  
  57  3:58  Drone  
  57  3:59  Overlord  
  57  4:02  Overlord  
  59  4:04  Drone  
  59  4:09  Drone  
  62  4:10  Drone  
  62  4:12  Overlord  
  62  4:16  Queen  
  65  4:17  Drone  
  65  4:21  Drone, Overlord  
  65  4:22  Drone  
  65  4:24  Overlord  
  67  4:30  Zergling x2  
  67  4:31  Zergling x6  
  71  4:33  Zergling x4  
  71  4:34  Extractor  
  71  4:36  Queen  
  74  4:40  Lair  
  74  4:41  Drone  
  74  4:44  Baneling Nest  
  74  4:45  Drone x2  
  76  4:49  Drone x2  
  76  4:50  Drone x2  
  80  4:56  Drone x4  
  84  5:00  Spore Crawler  
  84  5:05  Drone x4  
  88  5:07  Extractor  
  88  5:09  Extractor  
  88  5:12  Drone x3  
  89  5:15  Queen  
  89  5:18  Evolution Chamber  
  89  5:19  Drone x2  
  93  5:24  Drone x3  
  93  5:27  Drone x3  
  93  5:28  Drone  
  100  5:31  Overlord  
  100  5:34  Hatchery  
  100  5:35  Drone x3  
  102  5:37  Extractor, Evolution Chamber  
  102  5:40  Drone x2, Evolution Chamber  
  102  5:42  Centrifugal Hooks  
  101  5:46  Overlord  
  101  5:51  Zergling x8  
  105  5:59  Drone x3  
  105  6:04  Overlord  
  108  6:05  Zergling x4  
  108  6:08  Zerg Ground Armor Level 1, Zerg Melee Weapons Level 1  
  108  6:11  Hydralisk Den, Hatchery  
  109  6:14  Drone  
  109  6:15  Drone x2  
  109  6:16  Baneling x4  
  111  6:19  Zergling x6  
  114  6:30  Zergling x10  
  119  6:35  Zergling x8  
  119  6:39  Overlord  
  123  6:41  Overlord  
  123  6:42  Overlord  
  123  6:45  Overlord  
  123  6:47  Overlord  
  123  6:49  Overlord  
  123  6:51  Overlord  
  123  6:57  Overlord  
  123  6:59  Muscular Augments, Hydralisk x6  
  135  7:01  Baneling x6  
  135  7:08  Hydralisk x2  
  135  7:11  Zergling x10  
  144  7:20  Zergling x6  
  147  7:26  Baneling x4  
  147  7:27  Hydralisk x5  
  157  7:30  Zergling x8  
  160  7:37  Baneling x3  
  160  7:41  Zergling x16  
  160  7:46  Overlord  
  143  7:51  Zergling x8  
  143  7:55  Hydralisk x3  
  150  7:59  Infestation Pit, Drone x5  
  150  8:01  Extractor  
  150  8:02  Spore Crawler  
  150  8:03  Drone x2  
  150  8:04  Extractor x2  
  152  8:08  Drone x3  
  155  8:14  Zergling x6  
  155  8:15  Baneling x2  
  155  8:16  Zerg Melee Weapons Level 2, Zerg Ground Armor Level 2  
  155  8:19  Drone x2  
  160  8:21  Overseer  
  160  8:23  Baneling  
  160  8:28  Zergling x18  
  160  8:30  Baneling x6  
  160  8:33  Zergling x8  
  172  8:38  Zergling x6  
  164  8:48  Zergling x10  
  154  8:51  Hive  
  154  8:52  Grooved Spines  
  154  8:53  Zergling x8, Hydralisk, Lurker Den  
  154  8:55  Baneling x3  
  159  8:57  Zergling x6  
  161  9:08  Zergling x14  
  153  9:15  Drone x2  
  153  9:16  Drone  
  154  9:20  Zergling x10  
  153  9:24  Hatchery  
  153  9:26  Zergling x14  
  153  9:27  Zergling x2  
  160  9:31  Baneling  
  160  9:32  Baneling x7  
  160  9:33  Hydralisk x3  
  160  9:34  Pneumatized Carapace  
  160  9:37  Overseer  
  165  9:39  Zergling x6  
  165  9:41  Zergling x6  
  165  9:42  Baneling x9  
  170  9:49  Zergling x10  
  169  9:52  Zergling x2  
  169  9:58  Zergling x8  
  173  10:05  Zergling x6  
  172  10:12  Zergling x8  
  176  10:23  Zergling x4  
  176  10:24  Overlord  
  163  10:28  Zergling x18  
  155  10:36  Zerg Ground Armor Level 3, Seismic Spines, Zerg Missile Weapons Level 1  
  155  10:40  Zergling x16  
  163  10:51  Drone x6  
  163  10:52  Spore Crawler, Queen x2, Spine Crawler  
  171  10:59  Zergling x6  
  168  11:06  Zergling x12  
  168  11:09  Zergling x4  
  160  11:22  Zergling x18  
  169  11:26  Lurker x5, Overlord  
  169  11:27  Lurker x3  
  169  11:30  Hatchery, Overlord  
  175  11:33  Adaptive Talons  
  175  11:34  Overlord  
  175  11:36  Overlord  
  175  11:39  Overlord  
  175  11:40  Overlord  
  175  11:45  Hydralisk x4  
  175  11:46  Overlord  
  177  11:55  Zergling x2  
  177  11:56  Zergling x10  
  177  12:00  Hydralisk x2  
  177  12:01  Spawning Pool  
  171  12:02  Overseer  
  171  12:06  Hydralisk x6  
  169  12:10  Baneling x2  
  169  12:12  Hydralisk x8  
  169  12:14  Lurker x4  
  189  12:19  Baneling x2  
  189  12:25  Nydus Network  
  189  12:27  Hydralisk x5  
  185  12:38  Lurker x6  
  190  12:45  Lurker  
  190  12:48  Zergling x16  
  198  12:53  Zergling x16  
  198  12:58  Zergling x6  
  192  13:07  Lurker x2  
  192  13:09  Zergling x16  
  192  13:10  Lurker x3  
  180  13:15  Zergling x6  
  176  13:21  Zergling x16  
  176  13:26  Zergling x2  
  179  13:29  Hatchery  
  179  13:32  Zergling x6  
  162  13:36  Zergling x4  
  162  13:37  Lurker  
  162  13:39  Hydralisk x2  
  160  13:45  Zergling x6, Hatchery  
  158  13:51  Zergling x8  
  158  13:54  Lurker x2  
  159  13:57  Zergling x2  
  159  13:59  Lurker  
  159  14:00  Lurker x2  
  157  14:05  Zergling x10, Overseer  
  153  14:12  Overseer  
  153  14:14  Hydralisk x2  
  153  14:15  Lurker  
  158  14:21  Zergling x6  
  130  14:24  Zergling x4  
Tags
 
Add a new tag
Caveats
  • Supply blocks, unpowered buildings, or Contaminate may cause inaccurate times.
  • Supply counts are checked every 10 seconds.